 Dungeon Crawl Stone Soup version 0.20.1-1-g8b1a95d (webtiles) character file.

2058 Gremour the Carver (level 9, -6/51 HPs)
             Began as a Gargoyle Fighter on Nov 22, 2017.
             Killed by divine providence
             ... invoked by an orc priest
              (14 damage)
             ... on level 8 of the Dungeon.
             The game lasted 00:39:00 (7141 turns).

Gremour the Carver (Gargoyle Fighter)               Turns: 7141, Time: 00:39:01

Health: -6/51      AC: 13    Str: 21    XL:     9   Next: 25%
Magic:  9/9        EV:  9    Int: 13    God:
Gold:   417        SH: 13    Dex: 12    Spells: 5/8 levels left

rFire    . . .     SeeInvis .   a - +5 long sword
rCold    . . .     Gourm    .   c - +1 shield
rNeg     + + .     Faith    .   t - +3 leather armour
rPois    ∞         Spirit   .   (no helmet)
rElec    +         Reflect  +   (no cloak)
rCorr    .         Harm     .   (no gloves)
MR       .....                  d - +0 pair of boots
Stlth    +.........             A - +2 amulet of reflection
Regen    0.2/turn               r - ring of positive energy
MPRegen  0.2/turn               e - +5 ring of intelligence

@: no status effects
A: mutation resistance 1, negative energy resistance 1, electricity resistance,
unbreathing, petrification resistance, rot immunity, AC +5
a: no special abilities


You were on level 8 of the Dungeon.
You were not hungry.

You visited 2 branches of the dungeon, and saw 9 of its levels.

You collected 417 gold pieces.

Inventory:

Hand Weapons
 a - a +5 long sword (weapon)
 b - the +6 hand axe of the Tundras {flame, +Fly Dex+4}
   (You found it on level 7 of the Dungeon)

   It has been specially enchanted to burn those struck by it, causing extra
   injury to most foes and up to half again as much damage against particularly
   susceptible opponents.
   Big, fiery blades are also staple armaments of hydra-hunters.
   It affects your dexterity (+4).
   It lets you fly.
 x - a +2 trident of flaming
Missiles
 s - 8 tomahawks (quivered)
Armour
 c - a +1 shield (worn)
 d - a +0 pair of boots (worn)
 t - a +3 leather armour (worn)
 D - a +0 ring mail of fire resistance
Jewellery
 e - a +5 ring of intelligence (right hand)
 r - a ring of positive energy (left hand)
 A - a +2 amulet of reflection (around neck)
Scrolls
 g - 8 scrolls of remove curse
 i - 5 scrolls of identify
 l - a scroll of amnesia
 p - a scroll of enchant armour
 y - 7 scrolls of teleportation
Potions
 j - a potion of agility
 m - 2 potions of haste
 u - a potion of magic
Books
 n - a book of Necromancy

   Spells                             Type                      Level
   a - Pain                           Necromancy                   1
   b - Animate Skeleton               Necromancy                   1
   c - Vampiric Draining              Necromancy                   3
   d - Regeneration                   Charms/Necromancy            3
   e - Animate Dead                   Necromancy                   4
   f - Control Undead                 Necromancy                   4
 q - a book of Callings

   Spells                             Type                      Level
   a - Summon Small Mammal            Summoning                    1
   b - Call Imp                       Summoning                    2
   c - Call Canine Familiar           Summoning                    3
   d - Summon Guardian Golem          Hexes/Summoning              3
   e - Summon Lightning Spire         Summoning/Air                4
   f - Summon Ice Beast               Ice/Summoning                4
 v - a book of Minor Magic

   Spells                             Type                      Level
   a - Magic Dart                     Conjuration                  1
   b - Blink                          Translocation                2
   c - Call Imp                       Summoning                    2
   d - Slow                           Hexes                        2
   e - Conjure Flame                  Conjuration/Fire             3
   f - Mephitic Cloud                 Conjuration/Poison/Air       3
Comestibles
 f - 5 bread rations
 h - 3 royal jellies
 o - a meat ration


   Skills:
 - Level 3.2 Fighting
 + Level 10.3 Long Blades
 - Level 3.2 Armour
 - Level 5.4 Shields
 * Level 0.5 Charms
 * Level 0.2 Necromancy


You had 5 spell levels left.
You knew the following spells:

 Your Spells              Type           Power        Failure   Level  Hunger
r - Regeneration          Chrm/Necr      #.........   97%         3    ####...


Dungeon Overview and Level Annotations

Branches:
Dungeon (8/15)             Temple (1/1) D:6
   Lair: D:8-11

Altars:
Ashenzari
Cheibriados
Dithmenos
Elyvilon
Fedhas
Gozag
Hepliaklqana
Kikubaaqudgha
Makhleb
Nemelex Xobeh
Okawaru
Ru
Sif Muna
Trog
Uskayaw
Vehumet
Yredelemnul
Zin
The Shining One

Shops:
D:4 %   D:5 (

Annotations:
D:7 Vodalian's ghost, novice FoFi


Innate Abilities, Weirdness & Mutations

You are resistant to torment.
Your stone body is resilient. (AC +5)
You are immune to poison.
You resist negative energy. (rN+)
You are resistant to electric shocks. (rElec)
You can survive without breathing.
You are immune to petrification.
You are immune to rotting.
You are somewhat resistant to further mutation.


Message History

You block the orc warrior's attack.
The orc priest mumbles some strange prayers to Beogh against you.
Beogh smites you!
You closely miss the orc warrior.
The orc warrior is heavily wounded.
You block the orc warrior's attack.
The orc priest invokes the aid of Beogh against you.
Beogh smites you!
You closely miss the orc warrior.
The orc warrior is heavily wounded.
You block the orc warrior's attack.
The orc priest looks encouraged for a moment.
You hit the orc warrior.
The orc warrior is heavily wounded.
The orc warrior hits you with a short sword!
* * * LOW HITPOINT WARNING * * *
The orc priest looks satisfied for a moment.
The orc priest invokes the aid of Beogh against you.
Beogh smites you!
You die... #......# ......### ....... ..... ooo

#K# # #)# #.#
#..####o##...##
#......@.......
..#####.####.#.
#.# # #.####.#
#......##. ###
#......... ..#
#.####.### #.#
#.# # #.# #.#


You could see an orc warrior, an orc priest, 2 orcs and a kobold.

Vanquished Creatures
  Grinder (D:3)
  An orc warrior (D:5)
  A phantom (D:7)
  An ice beast (D:5)
  2 sky beasts
  3 ogres
  The ghost of dscm the Chopper, an amateur DsGl (D:4)
  A centaur (D:7)
  A big kobold (D:8)
  A bullfrog (D:7)
  3 scorpions
  A howler monkey (D:6)
  A crimson imp (D:7)
  A centaur zombie (D:7)
  A hound (D:4)
  2 bullfrog skeletons
  3 iguanas
  3 worker ants
  3 orc wizards
  A hound skeleton (D:6)
  A worker ant zombie (D:5)
  8 adders
  2 oozes
  3 worms
  A dart slug (D:2)
  7 leopard geckos
  14 orcs
  3 giant cockroaches
  9 goblins
  5 hobgoblins
  4 jackals
  11 kobolds
  4 quokkas
  4 ball pythons
  A ball python skeleton (D:4)
  7 bats
  5 frilled lizards
  A jackal skeleton (D:6)
  4 rats
126 creatures vanquished.

Vanquished Creatures (others)
  A centaur (D:6)
1 creature vanquished.

Grand Total: 127 creatures vanquished

Notes
Turn   | Place    | Note
-------+----------+-------------------------------------------
     0 | D:1      | Gremour the Gargoyle Fighter began the quest for the Orb.
     0 | D:1      | Reached XP level 1. HP: 14/14 MP: 1/1
    74 | D:1      | Reached skill level 2 in Long Blades
   125 | D:1      | Reached XP level 2. HP: 18/19 MP: 2/2
   509 | D:1      | Reached skill level 3 in Long Blades
   674 | D:2      | Reached XP level 3. HP: 19/23 MP: 3/3
   917 | D:2      | Reached XP level 4. HP: 16/28 MP: 4/4
  1252 | D:2      | Reached skill level 4 in Long Blades
  1349 | D:2      | Found a blossoming altar of Fedhas.
  1890 | D:3      | Noticed Grinder
  1897 | D:3      | Paralysed by Grinder for 5 turns
  1913 | D:3      | Reached XP level 5. HP: 20/32 MP: 5/5
  1928 | D:3      | Killed Grinder
  1928 | D:3      | Reached skill level 6 in Long Blades
  1928 | D:3      | Reached XP level 6. HP: 19/37 MP: 6/6
  2948 | D:4      | Reached XP level 7. HP: 33/41 MP: 7/7
  2964 | D:4      | Found Tuppaiha's Food Boutique.
  3022 | D:4      | Noticed dscm's ghost (amateur DsGl)
  3053 | D:4      | Killed dscm's ghost
  3053 | D:4      | Reached skill level 7 in Long Blades
  3319 | D:5      | Entered Level 5 of the Dungeon
  3460 | D:5      | Found a sparkling altar of Nemelex Xobeh.
  3463 | D:5      | Found Juaseeto's Weapon Shoppe.
  3987 | D:5      | Gained mutation: You are somewhat resistant to further mutation. [potion of mutation]
  3991 | D:5      | HP: 3/61 [orc/trident (2)]
  3992 | D:5      | Reached skill level 8 in Long Blades
  3992 | D:5      | Reached XP level 8. HP: 3/46 MP: 8/8
  3995 | D:5      | HP: 1/46 [jackal (1)]
  4687 | D:6      | Found a staircase to the Ecumenical Temple.
  4695 | Temple   | Entered the Ecumenical Temple
  5478 | D:6      | Reached skill level 9 in Long Blades
  6153 | D:7      | Reached skill level 5 in Shields
  6250 | D:7      | Noticed Vodalian's ghost (novice FoFi)
  6728 | D:7      | Found an iron altar of Okawaru.
  6797 | D:7      | Reached XP level 9. HP: 51/51 MP: 9/9
  6818 | D:7      | Reached skill level 10 in Long Blades
  6884 | D:7      | Got a crystal hand axe
  6885 | D:7      | Identified the +6 hand axe of the Tundras {flame, +Fly Dex+4} (You found it on level 7 of the Dungeon)
  6943 | D:7      | Learned a level 3 spell: Regeneration
  7141 | D:8      | Killed from afar by an orc priest

Skill      XL: |  1  2  3  4  5  6  7  8  9 |
---------------+----------------------------+-----
Long Blades    | 2 3 4 6 8 9 10 | 10.3
Shields        | 5 |  5.4
Fighting       | |  3.2
Armour         | |  3.2
Charms         | |  0.5
Necromancy     | |  0.2

Action                   |  1- 3 |  4- 6 |  7- 9 || total
-------------------------+-------+-------+-------++-------
Melee: Long sword        |   121 |   178 |   251 ||   550
       Trident           |       |       |    33 ||    33
       Hand axe          |       |       |     2 ||     2
Throw: Tomahawk          |       |       |    10 ||    10
  Use: Scroll            |       |     2 |    17 ||    19
       Potion            |       |     1 |    14 ||    15
  Eat: Chunk             |       |     7 |    10 ||    17
       Meat ration       |       |       |     1 ||     1
       Fruit             |       |       |     1 ||     1
Armor: Scale mail        |    58 |       |       ||    58
       Leather armour    |    13 |    92 |    64 ||   169
       Skin              |       |       |    24 ||    24
Dodge: Dodged            |    45 |    43 |    68 ||   156
Block: Shield            |    85 |    91 |   151 ||   327
       Reflection        |       |       |     5 ||     5
       Rpst.: Long sword |    13 |    16 |    17 ||    46
